 Dungeon Crawl Stone Soup version 0.15.0-13-gb296d5c (webtiles) character file.

105 Iskender the Insei (level 4, -2/23 HPs)
             Began as a Vine Stalker Monk on Sept 3, 2014.
             Was a Believer of Makhleb.
             Killed from afar by ctair's ghost (4 damage)
             ... with a magic dart
             ... on Level 3 of the Dungeon.
             The game lasted 00:22:33 (2854 turns).

Iskender the Insei (Vine Stalker Monk)              Turns: 2854, Time: 00:22:33

HP  -2/23        AC  4     Str 14      XL: 4   Next: 83%
MP   0/5         EV 13     Int 10      God: Makhleb [**....]
Gold 149         SH  0     Dex 17      Spells:  0 memorised,  3 levels left

rFire  . . .     SeeInvis .     b - +0 hunting sling
rCold  . . .     Clarity  .     k - +0 robe (curse)
rNeg   + . .     rCorr    .     (no shield)
rPois  .         rRot     +     H - +0 helmet
rElec  .         Spirit   +     (no cloak)
SustAb .         Warding  .     r - +0 pair of gloves (curse)
rMut   .         Stasis   .     (no boots)
Gourm  .                        (no amulet)
MR     .....                    (no ring)
                                h - ring of positive energy

@: lethally poisoned, not resistant to hostile enchantments, fairly stealthy
A: fangs 2, regeneration 1, magic shield, antimagic bite, no device heal 3, rot
immunity
a: Minor Destruction, Renounce Religion


You were on level 3 of the Dungeon.
You worshipped Makhleb.
Makhleb was pleased with you.
You were hungry.

You visited 1 branch of the dungeon, and saw 3 of its levels.

You collected 149 gold pieces.

Inventory:

Hand weapons
 b - a +0 hunting sling (weapon)
 i - a cursed -2 dagger
 m - a +0 dagger of venom
Missiles
 f - 70 stones
 j - 35 arrows
 s - 13 bolts
 A - 48 sling bullets (quivered)
Armour
 a - a +0 robe
 k - a cursed +0 robe (worn)
 n - a +0 leather armour
 q - a +0 leather armour
 r - a cursed +0 pair of gloves (worn)
 y - a +0 pair of gloves
 B - a +0 ring mail
 H - a +0 helmet (worn)
Comestibles
 d - a slice of pizza
 g - 2 meat rations
 o - 3 bread rations
 x - 4 fruits
 E - a royal jelly
Scrolls
 l - 2 scrolls of identify
 p - a scroll of remove curse {unknown}
 F - a scroll of random uselessness {unknown}
 G - a scroll of teleportation {unknown}
Jewellery
 h - a ring of positive energy (left hand)
 t - an uncursed amulet of resist mutation {unknown}
Potions
 c - a potion of might {unknown}
 e - a potion of brilliance
 u - 2 potions of curing {unknown}
 w - a potion of haste {unknown}
 z - a potion of heal wounds {unknown}
 C - a potion of agility {unknown}
Books
 v - a book of Wizardry

   Spells                             Type                      Level
   Agony                              Necromancy                   5
   Force Lance                        Conjuration                  5
   Dispersal                          Translocation                6
   Haste                              Charms                       6
   Invisibility                       Hexes                        6
   Spellforged Servitor               Conjuration/Summoning        7


   Skills:
 - Level 2.6 Fighting
 - Level 1.0 Slings
 - Level 2.4 Dodging
 - Level 3.4 Stealth
 - Level 5.5 Unarmed Combat
 + Level 0.0 Invocations


You had 3 spell levels left.
You didn't know any spells.

Dungeon Overview and Level Annotations

Branches:
Dungeon (3/15)

Altars:
Makhleb
Xom

Annotations:
D:2 Jessica
D:3 ctair's ghost, average DECj


Innate Abilities, Weirdness & Mutations

You have extremely sharp teeth.
Your natural rate of healing is unusually fast.
When hurt, damage is shared between your health and your magic reserves.
Your bite disrupts and absorbs the magic of your enemies.
Potions and wands cannot restore your health.
You are immune to rotting.


Message History

You feel sick.
Ctair's ghost gestures at you while chanting.
The magic dart hits you!
Drink which item? (? for menu, Esc to quit)
Okay, then.
Read which item? (? for menu, Esc to quit)
Okay, then.
You feel sick.
Ctair's ghost gestures at you while chanting.
The magic dart hits you!
* * * LOW HITPOINT WARNING * * *
You feel sick.
Ctair's ghost points at you and mumbles some strange words.
The spray of energy misses you.
You feel sick.
You feel sick.
You feel sick.
Ctair's ghost gestures at you while chanting.
The magic dart hits you!
You die...

###......#
#.............####..#.
.........# #.......W.....#
#..#. .........#
#.............# #..'.
.........# #.............#
#.##.
.........###.............#
#..'.
...........#.#.....g.....#
####.
.........#.._............#
#.
......######.#...........#
#. ......# #....@........#
#. ......# #.............#
#. ..)...# ###############
#. ......# ## ......#
#######


You could see ctair's ghost and a gnoll.

Vanquished Creatures
  2 adders
  3 worms
  3 giant geckos
  2 orcs (D:3)
  8 goblins
  9 hobgoblins
  9 kobolds
  A ball python (D:2)
  13 bats
  2 giant cockroaches
  3 giant newts
  8 rats
63 creatures vanquished.

Notes
Turn   | Place    | Note
--------------------------------------------------------------
     0 | D:1      | Iskender, the Vine Stalker Monk, began the quest for the Orb.
     0 | D:1      | Reached XP level 1. HP: 11/11 MP: 1/1
   152 | D:1      | Reached XP level 2. HP: 8/16 MP: 3/3
   516 | D:1      | Reached XP level 3. HP: 17/19 MP: 2/4
   620 | D:1      | Reached skill level 5 in Unarmed Combat
   870 | D:2      | Noticed Jessica
  1761 | D:2      | Reached XP level 4. HP: 19/23 MP: 3/5
  2167 | D:3      | Found a shimmering altar of Xom.
  2474 | D:3      | Reached skill level 1 in Slings
  2734 | D:3      | Found a burning altar of Makhleb.
  2744 | D:3      | Became a worshipper of Makhleb the Destroyer
  2744 | D:3      | Acquired Makhleb's first power
  2744 | D:3      | Acquired Makhleb's second power
  2842 | D:3      | Noticed ctair's ghost (average DECj)
  2854 | D:3      | Killed from afar by ctair's ghost

Action                   |  1- 3 |  4- 6 || total
-------------------------+-------+-------++-------
Melee: Unarmed           |    98 |    15 ||   113
 Fire: Hunting sling     |    23 |    52 ||    75
Throw: Stone             |    15 |     1 ||    16
Invok: Minor Destruction |       |     1 ||     1
  Use: Scroll            |       |     1 ||     1
  Eat: Chunk             |     2 |     3 ||     5
